 Dungeon Crawl Stone Soup version 0.31-a0-1616-gbeaec30b81 (webtiles) character file.

Game seed: 10190203486701314390

646 Ge0ff the Changeling (level 7, 0/52 HPs)
             Began as a Merfolk Shapeshifter on Jan 10, 2024.
             Slain by a centaur zombie (1 damage)
             ... in an ossuary.
             The game lasted 00:06:15 (3878 turns).

Ge0ff the Changeling (Merfolk Shapeshifter)         Turns: 3878, Time: 00:06:15

Health: 0/52       AC:  3    Str: 22    XL:     7   Next: 52%
Magic:  7/7        EV: 12    Int: 10    God:
Gold:   89         SH:  0    Dex: 13    Spells: 6/6 levels left

rFire   . .          .
                       - Unarmed
rCold   . . .        (no shield)
rNeg    . . .        Q - +0 leather armour
rPois   .            (helmet currently unavailable)
rElec   .            (cloak currently unavailable)
rCorr   .            (gloves currently unavailable)
SInv    .            (boots currently unavailable)
Will    .....        (no amulet)
Stlth   ++           W - +6 ring of strength
HPRegen 0.28/turn    (no ring)
MPRegen 0.10/turn

%: no passive effects
@: beast-form, marked
A: beast (slay +4), (nimble swimmer 2), mertail
a: Begin Untransformation


You were in an ossuary.
You were a hulking beast.
You visited 1 branch of the dungeon, and saw 4 of its levels.
You also visited: Ossuary.

You collected 89 gold pieces.

Inventory:

Hand Weapons
 a - a +5 dagger
 Y - a +2 dagger of venom
Missiles
 R - 3 javelins
 T - 23 stones (quivered)
Armour
 G - a +0 helmet
 M - a +0 animal skin
 Q - a +0 leather armour (worn)
 U - the +0 buckler of Husasyne {rF+}
   (You found it on level 2 of the Dungeon)

   rF+:       It protects you from fire.
Jewellery
 S - a ring of wizardry
 W - a +6 ring of strength (left hand)
Talismans
 c - a beast talisman
 H - a serpent talisman
 P - a flux talisman
Wands
 d - a wand of digging (1)
Scrolls
 y - a scroll of immolation
 I - a scroll of brand weapon
 J - a scroll of silence {!r}
 N - a scroll of fog {unknown}
Potions
 K - a potion of heal wounds {unknown}
 O - 2 potions of might {unknown}
 V - a potion of attraction {unknown}
 X - a potion of curing {unknown}
 Z - a potion of resistance {unknown}


   Skills:
 - Level 3.0 Fighting
 - Level 2.6 Dodging
 - Level 2.0 Stealth
 + Level 6.8 Unarmed Combat
 - Level 7.0 Shapeshifting


You had 6 spell levels left.
You didn't know any spells.
Your spell library contained the following spells:

 Spells                   Type           Power      Damage    Failure   Level
 Blink                    Tloc           0%         N/A       54%         2
 Lesser Beckoning         Tloc           0%         N/A       54%         2
 Momentum Strike          Conj/Tloc      0%         3d8       54%         2
 Ozocubu's Armour         Ice            0%         N/A       78%         3
 Leda's Liquefaction      Alch/Erth      0%         N/A       99%         4
 Lee's Rapid Deconstruct  Erth           0%         3d4*      100%        5
 Metabolic Englaciation   Hex/Ice        0%         N/A       100%        5
 Bombard                  Conj/Erth      0%         9d1       100%        6
 Sculpt Simulacrum        Ice/Alch       0%         N/A       100%        6


Dungeon Overview and Level Annotations

Branches:
Dungeon (4/15) Zot: 20293 Ossuary (1/1) Zot: 5866
 Temple: D:4-7

Altars:


Innate Abilities, Weirdness & Mutations

You are a hulking beast.
Your limbs bulge with bestial killing power. (Slay +4)
((You are very nimble when in or above water. (Stealth+, EV+, Speed+++)))
Your lower body shifts to a powerful aquatic tail in water.


Message History

The centaur zombie hits you but does no damage.
The centaur zombie kicks you but does no damage.
You completely miss the mummy.
The adder zombie bites you but does no damage.
The adder zombie bites you.
The centaur zombie hits you but does no damage.
The centaur zombie completely misses you.
You are too injured to fight recklessly!
You are too injured to fight recklessly!
You are too injured to fight recklessly!
You are too injured to fight recklessly!
You are too injured to fight recklessly!
You are too injured to fight recklessly!
You are too injured to fight recklessly!
You are too injured to fight recklessly!
You are too injured to fight recklessly!
You are too injured to fight recklessly!
You are too injured to fight recklessly!
You are too injured to fight recklessly!
You are too injured to fight recklessly!
You are too injured to fight recklessly!
You are too injured to fight recklessly!
You are too injured to fight recklessly!
You are too injured to fight recklessly!
You are too injured to fight recklessly!
You barely miss the human zombie.
The adder zombie bites you but does no damage. x2
A kobold zombie comes into view.
The centaur zombie hits you but does no damage.
The centaur zombie kicks you but does no damage.
The mummy hits you!
You barely miss the human zombie.
You feel less wooden.
Your +0 leather armour unmelds from your body.
You turn into a hulking beast.
The adder zombie barely misses you. x2
The human zombie hits you. The centaur zombie closely misses you.
The centaur zombie completely misses you.
You hit the human zombie. Your punch misses the human zombie.
The human zombie is lightly damaged.
The adder zombie bites you. The adder zombie misses you.
The centaur zombie hits you. The centaur zombie closely misses you.
The human zombie hits you.
* * * LOW HITPOINT WARNING * * *
The mummy hits you!
* * * LOW HITPOINT WARNING * * *
You punch the human zombie! You punch the human zombie.
The human zombie is moderately damaged.
The adder zombie bites you but does no damage.
The centaur zombie hits you.
You die...

##################
.................#
...........Z.ZZ..#
.....8..8Z.ZMZZ..#
.......Z.ZZZZMZZZ#
######..######hZZ#
#^.# #.Z.# #.^#
#...# #^^# #...#
.... #...# ##...
#...# #... #...#
#...# #...#


You could see 2 mummies, 4 adder zombies, 2 jackal zombies, a hound zombie, 2
gnoll zombies, 2 kobold zombies, 3 orc zombies, an elf zombie, 2 centaur zombies
and a human zombie.

Vanquished Creatures
  2 elf zombies (Ossuary)
  2 elf skeletons (D:4)
  A hound (D:3)
  2 centaur zombies (Ossuary)
  A jelly (D:4)
  Jessica (D:2)
  A human skeleton (D:4)
  4 hound zombies (Ossuary)
  4 gnolls (D:2)
  2 adders
  An adder zombie (Ossuary)
  3 dart slugs
  2 ribbon worms (D:2)
  4 orcs
  9 endoplasms
  3 giant cockroaches (D:1)
  3 gnoll zombies (Ossuary)
  6 goblins
  6 hobgoblins
  6 jackals (D:1)
  7 quokkas
  4 ball pythons
  8 bats
  3 frilled lizards
  2 jackal zombies (Ossuary)
  6 kobolds
  2 kobold zombies (Ossuary)
  5 orc zombies
  7 rats
107 creatures vanquished.

Notes
Turn   | Place    | Note
-------+----------+-------------------------------------------
     0 | D:1      | Ge0ff the Merfolk Shapeshifter began the quest for the Orb.
     0 | D:1      | Reached XP level 1. HP: 15/15 MP: 1/1
   140 | D:1      | Reached XP level 2. HP: 18/21 MP: 2/2
   215 | D:1      | Reached skill level 1 in Stealth
   383 | D:1      | Reached XP level 3. HP: 21/27 MP: 3/3
   434 | D:1      | Found a faded altar of an unknown god.
   981 | D:2      | Noticed Jessica
   999 | D:2      | Killed Jessica
  1000 | D:2      | Reached XP level 4. HP: 21/34 MP: 4/4
  1137 | D:2      | Identified the +0 buckler of Husasyne {rF+}
  1860 | D:2      | Reached skill level 5 in Shapeshifting
  1860 | D:2      | Reached XP level 5. HP: 40/40 MP: 5/5
  3438 | D:4      | Reached XP level 6. HP: 44/47 MP: 6/6
  3599 | D:4      | Reached skill level 5 in Unarmed Combat
  3599 | D:4      | Reached skill level 6 in Shapeshifting
  3730 | D:4      | Found a sand-covered staircase.
  3740 | Ossuary  | Entered an ossuary
  3840 | Ossuary  | Reached XP level 7. HP: 45/52 MP: 7/7
  3861 | Ossuary  | Reached skill level 7 in Shapeshifting
  3877 | Ossuary  | HP: 1/52 [mummy (11)]
  3878 | Ossuary  | Slain by a centaur zombie

Illustrated notes

Levels and vault maps discovered:
D:1:      tarquinn_simple_flora_water_f, layout_basic,
          chequers_ecumenical_altar_island, grunt_decor_mini_mirrors
D:2:      layout_basic, hangedman_decor_clover_reticule,
          minmay_misc_feat_hallway, uniq_jessica
D:3:      layout_basic
D:4:      layout_loops_ring, nicolae_ru_the_path_less_chosen,
          nicolae_ossuary_entry_catacombs, st_stairs_4, dk_noncrumbling_4,
          grunt_ministairs_9, guppyfry_early_orc_mine, uniq_duvessa,
          uniq_blork_the_orc
Ossuary:  ossuary_tomb_1

Skill      XL: |  1  2  3  4  5  6  7 |
---------------+----------------------+-----
Stealth        | 1 2 |  2.0
Fighting       | 2 3 |  3.0
Unarmed Combat | 4 5 6 |  6.8
Shapeshifting  | 5 6 7 |  7.0
Dodging        | |  2.6

Action                     |  1- 3 |  4- 6 |  7- 9 || total
---------------------------+-------+-------+-------++-------
  Melee: Dagger            |    57 |       |       ||    57
         Unarmed           |    26 |   169 |    34 ||   229
         Punch             |     1 |     1 |     3 ||     5
  Throw: Javelin           |     4 |     4 |       ||     8
         Stone             |       |    30 |       ||    30
    Use: Potion            |       |     3 |     1 ||     4
         Scroll            |       |     5 |       ||     5
   Stab: Sleeping          |     4 |     6 |       ||    10
 Armour: Animal skin       |    30 |    42 |       ||    72
         Leather armour    |       |    32 |     9 ||    41
         Skin              |       |       |   108 ||   108
  Dodge: Dodged            |    47 |    83 |    15 ||   145

Table legend: (Time is in decaauts)
 A = Elapsed time spent in this place.
 B = Non-inter-level travel time spent in this place.
 C = Inter-level travel time spent in this place.
 D = Time resting spent in this place.
 E = Time spent auto-exploring this place.
 F = Levels seen in this place.
 G = Mean time per level.
                   A        B        C        D        E       F      G
               +--------+--------+--------+--------+--------+-----+--------+
         Total |   3839 |   3721 |    118 |     89 |   2683 |   5 |  767.8 |
       Dungeon |   3706 |   3588 |    118 |     89 |   2665 |   4 |  926.5 |
       Ossuary |    132 |    132 |      0 |      0 |     18 |   1 |  132.0 |
               +--------+--------+--------+--------+--------+-----+--------+

Top non-repeatable levels by time:
     D:2: 1599 daAuts
     D:1: 1081 daAuts
     D:3: 711 daAuts
     D:4: 314 daAuts
 Ossuary: 132 daAuts
